 Dungeon Crawl Stone Soup version 0.22.0 (webtiles) character file.

212 Faustar the Chopper (level 5, -1/45 HPs)
             Began as a Demigod Wanderer on Aug 11, 2018.
             Succumbed to a scorpion's poison
             ... on level 5 of the Dungeon.
             The game lasted 00:12:01 (6487 turns).

Faustar the Chopper (Demigod Wanderer)              Turns: 6487, Time: 00:12:02

Health: -1/45      AC:  6    Str: 22    XL:     5   Next: 32%
Magic:  10/10      EV: 15    Int: 15    God:
Gold:   205        SH:  0    Dex: 21    Spells: 7/7 levels left

rFire    . . .     SeeInvis .   a - -1 whip (curse)
rCold    . . .     Gourm    .   (no shield)
rNeg     . . .     Faith    .   b - +0 ring mail
rPois    .         Spirit   .   j - +1 hat
rElec    .         Reflect  .   (no cloak)
rCorr    .         Harm     .   (no gloves)
MR       +....     Rnd*Tele +   (no boots)
Stlth    ++........             (no amulet)
HPRegen  0.15/turn              e - ring of teleportation (curse)
MPRegen  0.12/turn              f - ring of protection from magic

@: mighty, agile, lethally poisoned (-1 -> -31), flying, hasted, very quick
A: high mp 1
a: no special abilities


You were on level 5 of the Dungeon.
You were hungry.

You visited 1 branch of the dungeon, and saw 5 of its levels.

You collected 322 gold pieces.
You spent 117 gold pieces at shops.

Inventory:

Hand Weapons
 a - a cursed -1 whip (weapon)
 c - a +1 hand axe
Armour
 b - a +0 ring mail (worn)
 j - a +1 hat (worn)
Jewellery
 e - a cursed ring of teleportation (left hand)
 f - a ring of protection from magic (right hand)
Wands
 l - a wand of paralysis (6)
Scrolls
 p - a scroll of identify
Potions
 m - a potion of degeneration {unknown}
Comestibles
 d - 8 rations


   Skills:
 + Level 3.1 Fighting
 - Level 4.4 Axes
 - Level 1.0 Throwing
 - Level 1.7 Armour
   Level 1.0 Shields
 - Level 1.7 Spellcasting
   Level 1.0 Conjurations


You had 7 spell levels left.
You didn't know any spells.
Your spell library contained the following spells:

 Spells                   Type           Power        Failure   Level  Hunger
 Magic Dart               Conj           #...         24%         1    ##.....
 Conjure Flame            Conj/Fire      #.......     65%         3    ####...
 Slow                     Hex            #.......     50%         2    ###....
 Mephitic Cloud           Conj/Pois/Air  #.......     67%         3    ####...
 Blink                    Tloc           N/A          50%         2    ###....
 Call Imp                 Summ           #.......     50%         2    ###....


Dungeon Overview and Level Annotations

Branches:
Dungeon (5/15)
 Temple: D:4-7

Shops:
D:4 :(}:

Annotations:
D:3 Sigmund


Innate Abilities, Weirdness & Mutations

You have an increased reservoir of magic. (+10% MP)


Message History

The scorpion is moderately wounded.
You feel sick. The scorpion closely misses you.
You closely miss the scorpion.
The scorpion is moderately wounded.
You feel sick. The scorpion barely misses you.
You feel yourself speed up.
You feel sick. The scorpion stings you!
* * * LOW HITPOINT WARNING * * *
You are more poisoned.
The scorpion poisons you!
It was a potion of flight.
You feel very buoyant.
You fly up into the air.
* * * LOW HITPOINT WARNING * * *
You feel sick. The scorpion stings you.
* * * LOW HITPOINT WARNING * * *
You are more poisoned.
The scorpion poisons you!
It was a potion of agility.
You feel agile all of a sudden.
You die...

#...##.# #..###...
#...##.####..###.#
.................#######
........................
....##...##..###..#.....
###.###......###........
###.#...................
.............###s#......
###.##.......# #@#......
###.##.......# #.#......
.................+ .....
.......###...###.# .....
#......# ...# #.# +###
#......# ...# ...
#......# .# ..# #......#
..# #........


You could see a scorpion.

Vanquished Creatures
  A hound (D:4)
  Jessica (D:3)
  7 adders
  2 gnolls (D:4)
  A shadow imp (D:5)
  4 worms
  3 dart slugs
  A leopard gecko (D:3)
  An orc (D:3)
  3 ball pythons
  2 giant cockroaches
  2 hobgoblins
  2 jackals
  2 quokkas
  7 bats
  3 frilled lizards
  6 goblins
  5 kobolds
  5 rats
58 creatures vanquished.

Notes
Turn   | Place    | Note
-------+----------+-------------------------------------------
     0 | D:1      | Faustar the Demigod Wanderer began the quest for the Orb.
     0 | D:1      | Faustar set off with: a +0 ring mail, a +0 hand axe, a ration
     0 | D:1      | Reached XP level 1. HP: 17/17 MP: 5/5
   368 | D:1      | Reached skill level 2 in Axes
   457 | D:1      | Reached XP level 2. HP: 24/24 MP: 7/7
  1308 | D:2      | Reached XP level 3. HP: 17/29 MP: 8/8
  1332 | D:2      | Reached skill level 3 in Axes
  1942 | D:2      | Found a sparkling altar of Nemelex Xobeh.
  2949 | D:3      | Noticed Jessica
  3003 | D:3      | Killed Jessica
  3003 | D:3      | Reached XP level 4. HP: 6/36 MP: 9/9
  3337 | D:2      | Reached skill level 4 in Axes
  3446 | D:3      | Noticed Sigmund
  4679 | D:3      | Found a faded altar of an unknown god.
  4895 | D:4      | Found Uzehul's Book Boutique.
  5580 | D:4      | Noticed a phantom
  5609 | D:5      | Entered Level 5 of the Dungeon
  5609 | D:5      | Noticed a gnoll sergeant
  5850 | D:4      | Found Aczas's Gadget Boutique.
  5856 | D:4      | Bought a wand of paralysis (7) for 117 gold pieces
  5860 | D:4      | Found Hawuph's Weapon Shoppe.
  5965 | D:4      | Found Lam Lerchump's Book Emporium.
  5998 | D:4      | Reached XP level 5. HP: 13/42 MP: 10/10
  6486 | D:5      | HP: 2/45 [poisoned by a scorpion]
  6487 | D:5      | Succumbed to a scorpion's poison

Skill      XL: |  1  2  3  4  5 |
---------------+----------------+-----
Axes           | 2 3 4 |  4.4
Fighting       | 2 3 |  3.1
Throwing       | |  1.0
Armour         | |  1.7
Shields        | |  1.0
Spellcasting   | |  1.7
Conjurations   | |  1.0

Action                   |  1- 3 |  4- 6 || total
-------------------------+-------+-------++-------
Melee: Whip              |   202 |   248 ||   450
       Hand axe          |    14 |       ||    14
Evoke: Wand              |       |     1 ||     1
  Use: Scroll            |     6 |     5 ||    11
       Potion            |     1 |     5 ||     6
 Stab: Paralysed         |       |     9 ||     9
  Eat: Chunk             |     6 |     8 ||    14
       Ration            |       |     1 ||     1
Armor: Ring mail         |    97 |    78 ||   175
Dodge: Dodged            |   134 |   133 ||   267
